 Dungeon Crawl Stone Soup version 0.29.1-15-g9cfb28693d (webtiles) character file.

Game seed: 3992292449415792860

9 safid the Chiller (level 2, 0/21 HPs)
             Began as a Merfolk Ice Elementalist on Apr 14, 2023.
             Slain by a jackal (1 damage)
             ... on level 1 of the Dungeon.
             The game lasted 00:01:17 (422 turns).

safid the Chiller (Merfolk Ice Elementalist)         Turns: 422, Time: 00:01:18

Health: 0/21       AC:  2    Str:  8    XL:     2   Next: 16%
Magic:  0/5        EV: 12    Int: 14    God:
Gold:   10         SH:  3    Dex: 14    Spells: 4/5 levels left

rFire   . . .      SeeInvis .   c - +0 club
rCold   . . .      Faith    .   e - +0 buckler
rNeg    . . .      Spirit   .   a - +0 robe
rPois   .          Reflect  .   (no helmet)
rElec   .          Harm     .   (no cloak)
rCorr   .          Rampage  .   (no gloves)
Will    .....                   (no boots)
Stlth   ++........              (no amulet)
HPRegen 0.07/turn               (no ring)
MPRegen 0.09/turn               (no ring)

@: no status effects
A: (nimble swimmer 2), mertail
a: no special abilities


You were on level 1 of the Dungeon.
You visited 1 branch of the dungeon, and saw 1 of its levels.

You collected 10 gold pieces.

Inventory:

Hand Weapons
 c - a +0 club (weapon)
Armour
 a - a +0 robe (worn)
 e - a +0 buckler (worn)
Potions
 b - a potion of magic
 d - a potion of haste {unknown}


   Skills:
 + Level 1.0 Fighting
 - Level 2.6 Dodging
 - Level 2.1 Stealth
 + Level 2.2 Spellcasting
 + Level 4.5 Ice Magic


You had 4 spell levels left.
You knew the following spells:

 Your Spells              Type           Power      Damage    Failure   Level
a - Freeze                Ice            56%        1d7       4%          1

Your spell library contained the following spells:

 Spells                   Type           Power      Damage    Failure   Level
 Frozen Ramparts          Ice            28%        1d5       14%         3
 Ozocubu's Armour         Ice            14%        N/A       14%         3
 Sting                    Tmut/Pois      4%         1d3       32%         1
 Poisonous Vapours        Pois/Air       2%         N/A       43%         2
 Hailstorm                Conj/Ice       7%         3d4       77%         4
 Olgreb's Toxic Radiance  Pois           1%         N/A       97%         4


Dungeon Overview and Level Annotations

Branches:
Dungeon (1/15)

Altars:


Innate Abilities, Weirdness & Mutations

((You are very nimble when in or above water. (Stealth+, EV+, Speed+++)))
Your lower body shifts to a powerful aquatic tail in water.


Message History

Casting: Freeze (safe; 4% risk of failure)
Confirm with . or Enter, or press ? or * to list all spells.
You don't have enough magic to cast this spell.
Unknown command.
You closely miss the jackal. The jackal bites you.
* * * LOW HITPOINT WARNING * * *
The jackal misses you.
The jackal bites you but does no damage.
You closely miss the jackal. The jackal closely misses you.
You barely miss the jackal. The jackal misses you. x2
Casting: Freeze (safe; 4% risk of failure)
Confirm with . or Enter, or press ? or * to list all spells.
Aiming: Freeze (safe; 4% risk of failure)
Press: ? - help, Shift-Dir - straight line, f - jackal
Aim: a jackal You freeze the jackal.
The jackal is moderately wounded.
The jackal bites you but does no damage. x2
Unknown command.
You hit the jackal.
The jackal is heavily wounded.
The jackal bites you but does no damage.
The jackal barely misses you.
You hit the jackal.
The jackal is almost dead.
The jackal closely misses you. The jackal bites you.
* * * LOW HITPOINT WARNING * * *
You hit the jackal.
You kill the jackal!
The jackal misses you.
Your Fighting skill increases to level 1!
You hit the jackal but do no damage. You block the jackal's attack.
You hit the jackal.
The jackal is severely wounded.
The jackal closely misses you.
The jackal bites you but does no damage.
You hit the jackal.
The jackal is almost dead.
The jackal bites you.
You die...

♣.♣ #.# ♣.♣
#.# ♣.♣ #.#
###♣.♣##.##
#.........#
#.#♣@♣##..#
# #h# ..
#†####.#.
#........
#..###.##
#..# .....
..#.....
##. .##.##


You could see a jackal.

Vanquished Creatures
  An endoplasm (D:1)
  3 jackals (D:1)
  A quokka (D:1)
  A bat (D:1)
  2 goblins (D:1)
  A rat (D:1)
9 creatures vanquished.

Notes
Turn   | Place    | Note
-------+----------+-------------------------------------------
     0 | D:1      | safid the Merfolk Ice Elementalist began the quest for the
                  | Orb.
     0 | D:1      | Reached XP level 1. HP: 13/13 MP: 3/3
   401 | D:1      | Reached XP level 2. HP: 13/20 MP: 0/5
   418 | D:1      | HP: 1/20 [jackal (2)]
   420 | D:1      | Reached skill level 1 in Fighting
   422 | D:1      | Slain by a jackal

Illustrated notes

Levels and vault maps discovered:
D:1:      roderic_dead_forest, layout_loops_corners, serial_forest,
          infiniplex_forest_straight_5, infiniplex_forest_lined_1,
          infiniplex_forest_lined_3, infiniplex_forest_clump_curved,
          infiniplex_forest_lined_3, infiniplex_forest_end_2,
          ebering_ecumenical_altar_box

Skill      XL: |  1  2 |
---------------+-------+-----
Fighting       | 1 |  1.0
Dodging        | |  2.6
Stealth        | |  2.1
Spellcasting   | |  2.2
Ice Magic      | |  4.5

Action                   || total
-------------------------++-------
Melee: Club              ||    24
       Unarmed           ||     1
 Cast: Freeze            ||    11
Armor: Robe              ||    11
Dodge: Dodged            ||    28
Block: Buckler           ||     7
